 Dungeon Crawl Stone Soup version 0.25-a0-1119-g28b6fd0c3b (webtiles) character file.

Game seed: 14674641635182182618, levelgen mode: deterministic

37 Esekla the Magician (level 3, -1/22 HPs)
             Began as an Octopode Wizard on May 17, 2020.
             Slain by a worker ant (5 damage)
             ... on level 4 of the Dungeon.
             The game lasted 00:10:08 (1580 turns).

Esekla the Magician (Octopode Wizard)               Turns: 1580, Time: 00:10:08

Health: -1/22      AC:  2    Str:  6    XL:     3   Next: 41%
Magic:  2/8        EV: 13    Int: 21    God:
Gold:   35         SH:  0    Dex: 10    Spells: 0/9 levels left

rFire    . . .     SeeInvis .   k - +0 dagger
rCold    . . .     Gourm    .   (no shield)
rNeg     . . .     Faith    .   f - +1 hat
rPois    .         Spirit   .   (no amulet)
rElec    .         Reflect  .   (no ring)
rCorr    .         Harm     .   (no ring)
MR       .....                  (no ring)
Stlth    +++.......             (no ring)
HPRegen  0.07/turn              (no ring)
MPRegen  0.11/turn              (no ring)
                                (no ring)
                                (no ring)

@: lethally poisoned (-1 -> -14)
A: almost no armour, stealthy swim, amphibious, 8 rings, constrict 8, camouflage
1, gelatinous body 1
a: no special abilities


You were on level 4 of the Dungeon.
You were not hungry.

You visited 1 branch of the dungeon, and saw 4 of its levels.

You collected 35 gold pieces.

Inventory:

Hand Weapons
 k - a +0 dagger (weapon)
Armour
 f - a +1 hat (worn)
Jewellery
 g - an uncursed amulet of faith
Wands
 m - a wand of flame (17)
Scrolls
 a - a scroll of remove curse {unknown}
 b - 2 scrolls of amnesia {unknown}
 d - a scroll of immolation {unknown}
 h - 2 scrolls of enchant armour {unknown}
 j - a scroll of identify {unknown}
 n - a scroll of blinking {unknown}
 p - 3 scrolls of teleportation {unknown}
 q - a scroll of magic mapping {unknown}
Potions
 e - 4 potions of heal wounds {unknown}
 i - a potion of curing {unknown}
 l - a potion of might {unknown}
Comestibles
 c - 4 rations
 o - 2 chunks of flesh


   Skills:
 * Level 0.6 Fighting
 + Level 0.3 Short Blades
 + Level 2.1 Dodging
 - Level 2.6 Stealth
 * Level 3.8 Spellcasting
 + Level 1.2 Conjurations
   Level 1.0 Summonings
 * Level 1.1 Translocations


You couldn't memorise any spells.
You knew the following spells:

 Your Spells              Type           Power        Failure   Level  Hunger
a - Magic Dart            Conj           #...         8%          1    None
b - Blink                 Tloc           N/A          12%         2    #......
c - Mephitic Cloud        Conj/Pois/Air  #.......     30%         3    ###....
f - Conjure Flame         Conj/Fire      #.......     28%         3    ###....

Your spell library contained the following spells:

 Spells                   Type           Power        Failure   Level  Hunger
 Call Imp                 Summ           #.......     12%         2    #......
 Slow                     Hex            #.......     19%         2    #......


Dungeon Overview and Level Annotations

Branches:
Dungeon (4/15)
 Temple: D:4-7

Altars:
Uskayaw
Xom


Innate Abilities, Weirdness & Mutations

You cannot wear most types of armour.
You are very stealthy in the water. (Stealth+)
You are amphibious.
You can wear up to eight rings at the same time.
You can use your tentacles to constrict eight enemies at once.
Your skin changes colour to match your surroundings (Stealth+).
Your rubbery body absorbs attacks. (AC +1, EV +1)


Message History

Aim: a worker ant (heavily wounded, constricted by you)
The magic dart hits the worker ant.
The worker ant is heavily wounded.
You constrict the worker ant, but do no damage.
You feel sick. The worker ant bites you!
* * * LOW HITPOINT WARNING * * *
You are more poisoned.
The worker ant poisons you!
Unknown command.
Casting: Magic Dart (safe; 8% risk of failure)
Confirm with . or Enter, or press ? or * to list all spells.
Aiming: Magic Dart (safe; 8% risk of failure)
Press: ? - help, Shift-Dir - straight line, f/p - worker ant
Aim: a worker ant (heavily wounded, constricted by you)
The magic dart hits the worker ant.
The worker ant is heavily wounded.
You constrict the worker ant.
* * * LOW HITPOINT WARNING * * *
You feel sick. The worker ant closely misses you. The worker ant bites you.
You die...

.## .... #####
..a.. #...#
......#####.#.#
......+.......#
......#####.###
..... #.# ....#
#.# ... ..a #@#
.. ....>##a####
. ...........#
..##.......##.#
...#.##.#####.#
........# #.#
r.......# #.#
........# ###.#
.....r..# #...#


You could see a worker ant.

Vanquished Creatures
  2 adders (D:3)
  A worm (D:2)
  A leopard gecko (D:3)
  3 bats
  2 giant cockroaches (D:1)
  A hobgoblin (D:1)
  A goblin (D:3)
  3 kobolds
  A rat (D:2)
15 creatures vanquished.

Notes
Turn   | Place    | Note
-------+----------+-------------------------------------------
     0 | D:1      | Esekla the Octopode Wizard began the quest for the Orb.
     0 | D:1      | Reached XP level 1. HP: 11/11 MP: 4/4
   441 | D:1      | Reached XP level 2. HP: 18/18 MP: 4/6
   456 | D:1      | Learned a level 2 spell: Blink
   584 | D:2      | Found a shimmering altar of Xom.
   829 | D:3      | Found a hide-covered altar of Uskayaw.
   970 | D:3      | Reached XP level 3. HP: 18/22 MP: 4/8
  1076 | D:3      | Learned a level 3 spell: Mephitic Cloud
  1080 | D:3      | Learned a level 3 spell: Conjure Flame
  1580 | D:4      | Slain by a worker ant

Illustrated notes

Levels and vault maps discovered:
D:1:      erik_arrival_orb_chamber, layout_loops_ring, due_unseen_surprise
D:2:      layout_basic, overflow_temple_1_default, kennysheep_doodads,
          minmay_misc_feat_ornament
D:3:      cheibrodos_thug_alley, layout_basic, nicolae_overflow_hidden_temple,
          old_standard_altar, grunt_decor_fettered, st_stairs_10
D:4:      minmay_razor_zed, layout_basic, serial_forest,
          infiniplex_forest_fountain, infiniplex_forest_lined_3,
          gammafunk_ghost_icy

Action                   || total
-------------------------++-------
Melee: Unarmed           ||     9
       Constrict         ||    11
       Dagger            ||    30
       Tentacles         ||     3
 Cast: Magic Dart        ||    35
 Stab: Sleeping          ||     1
  Eat: Chunk             ||     2
Armor: Skin              ||     2
Dodge: Dodged            ||    30

Table legend:
 A = Non-vault XP
 B = Vault XP
 C = Vault XP percentage of total XP
 D = Non-vault monster count
 E = Vault monster count
 F = Vault count percentage of total count
                 A         B        C        D         E       F
            +---------+---------+-------+---------+---------+-------
      Total |      38 |      16 |  29.6 |      13 |       2 |  13.3
            +---------+---------+-------+---------+---------+-------
        D:1 |      13 |       0 |   0.0 |       7 |       0 |   0.0
        D:2 |       6 |       0 |   0.0 |       2 |       0 |   0.0
        D:3 |      19 |      16 |  45.7 |       4 |       2 |  33.3
            +---------+---------+-------+---------+---------+-------
